AoeStats
← ShadowKing

Arabia

504130868Analyzed
2v2 RM · 28d ago on Sep 4, 2026· 27m 4s· 4 players
Game mode
Random Map
Map size
Medium (4 player)
Population
200
Speed
Normal
Resources
Standard
Victory
Conquest
Starting age
Dark Age
Ending age
Imperial Age
RankedLock teamsTeams togetherTeam positionsShared explorationLock speedFull tech treeHidden civsTurbo modeCheats
Victory
Defeat
🇺🇸 Wei · United States
994
+14
🇺🇸 Burgundians · United States
923
+17
🇺🇸 Franks · United States
967
-24
🇺🇸 Persians · United States
937
-15
Jugo_De_Sandilla
12:49 Feudal Age
14:09 Man-at-Arms
ShadowKing
0:30 Loom
16:04 Feudal Age
18:37 Wheelbarrow
20:11 Double-Bit Axe
22:56 Castle Age
23:35 Pikeman
cutsman
7:49 Loom
9:58 Feudal Age
10:31 Double-Bit Axe
15:27 Horse Collar
17:30 Scale Barding Armor
21:27 Castle Age
20:11 Gold Mining
20:13 Stone Mining
21:43 Fletching
21:31 Light Cavalry
22:57 Bodkin Arrow
24:54 Padded Archer Armor
ReyAdolfo
11:15 Feudal Age
11:04 Loom
11:25 Double-Bit Axe
11:24 Horse Collar
17:17 Castle Age
15:36 Bow Saw
17:08 Heavy Plow
19:16 Scale Barding Armor
20:36 Cavalier
24:08 Crop Rotation
Connection lost

Rejoining the realm…

Still unreachable

The connection could not be restored.

Session expired

The server has moved on; the page needs a fresh start.